NCAA
ALABAMA CRIMSON TIDE @ BOSTON COLLEGE EAGLES
05/25/2025
 
TOP OF THE 1ST
Alabama Crimson Tide batting - Pitching for Boston College Eagles : LHP Mario González
Pitching: LHP Mario González
Batting: SHB Jorge Dávila 0-0: Ball
1-0: Swinging Strike
1-1: Ball
2-1: Bunted foul
2-2: Foul Ball, location: 2F
2-2: Ball
3-2: Ground out U3 (Groundball, 3L)
Batting: LHB Jorge Cuero 0-0: Ball
1-0: Swinging Strike
1-1: Foul Ball, location: 2F
1-2: Ball
2-2: Foul Ball, location: 2F
2-2: Strikes out swinging
Batting: RHB Bob Johnson 0-0: Called Strike
0-1: Ball
1-1: Ball
2-1: Ball
3-1: Called Strike
3-2: SINGLE (Groundball, 56D)
Batting: LHB Davey Davis 0-0: Called Strike
0-1: Ball
1-1: Fly out, F9 (Flyball, 89M)
Top of the 1st over - 0 run(s), 1 hit(s), 0 error(s), 1 left on base; Alabama 0 - Boston College 0
BOTTOM OF THE 1ST
Boston College Eagles batting - Pitching for Alabama Crimson Tide : RHP Kip Coleman
Pitching: RHP Kip Coleman
Batting: RHB Randall Luna 0-0: Fly out, F9 (Flyball, 9LM)
Batting: SHB Felipe Castro 0-0: Called Strike
0-1: Called Strike
0-2: Ball
1-2: Strikes out swinging
Batting: LHB Dave Cook 0-0: Called Strike
0-1: Ball
1-1: Ball
2-1: Ball
3-1: Called Strike
3-2: Base on Balls
Batting: RHB Will Stafford 0-0: Ball
1-0: Swinging Strike
1-1: Foul Ball, location: 2F
1-2: Strikes out swinging
Bottom of the 1st over - 0 run(s), 0 hit(s), 0 error(s), 1 left on base; Alabama 0 - Boston College 0
TOP OF THE 2ND
Alabama Crimson Tide batting - Pitching for Boston College Eagles : LHP Mario González
Batting: RHB Stephen Nava 0-0: SINGLE (Groundball, 56D)
Batting: LHB Fred Abrams 0-0: Ball
1-0: Called Strike
1-1: Ground out 6-3 (Groundball, 6MS)
Stephen Nava to second
Batting: RHB Curt Marks 0-0: Ball
1-0: Ball
2-0: SINGLE (Groundball, 56D)
Stephen Nava to third
Batting: LHB Clayton Bailey 0-0: SINGLE (Line Drive, 78M)
Stephen Nava scores
Curt Marks to second
Batting: RHB Paco González 0-0: Called Strike
0-1: Foul Ball, location: 2F
0-2: Grounds into double play, 6-4-3 (Groundball, 6M)
Top of the 2nd over - 1 run(s), 3 hit(s), 0 error(s), 1 left on base; Alabama 1 - Boston College 0
BOTTOM OF THE 2ND
Boston College Eagles batting - Pitching for Alabama Crimson Tide : RHP Kip Coleman
Batting: RHB Emory Brooks 0-0: Ball
1-0: Called Strike
1-1: Foul Ball, location: 2F
1-2: Ball
2-2: Ball
3-2: Base on Balls
Batting: RHB Dennis House 0-0: Foul Ball, location: 2F
0-1: Ball
1-1: DOUBLE (Line Drive, 7LM)
Emory Brooks to third
Batting: LHB Greg Hyde 0-0: SINGLE (Groundball, 56D)
Emory Brooks scores
Dennis House to third
Batting: RHB Jesús Morales 0-0: Swinging Strike
0-1: Called Strike
0-2: Ball
1-2: Fly out, F6 (Line Drive, 6)
Batting: RHB José Gómez 0-0: Called Strike
0-1: Ball
1-1: Ball
2-1: Foul Ball, location: 2F
2-2: Ball
3-2: Base on Balls
Greg Hyde to second
Batting: RHB Randall Luna 0-0: Called Strike
0-1: Foul Ball, location: 2F
0-2: Foul Ball, location: 2F
0-2: Foul Ball, location: 2F
0-2: Ball
1-2: Fly out, F6 (Popup, 6M)
Batting: SHB Felipe Castro 0-0: Ball
1-0: Ball
2-0: Ball
3-0: Base on Balls
Dennis House scores
Greg Hyde to third
José Gómez to second
Batting: LHB Dave Cook 0-0: Foul Ball, location: 2F
0-1: Ball
1-1: Fly out, F9 (Flyball, 89XD)
Bottom of the 2nd over - 2 run(s), 2 hit(s), 0 error(s), 3 left on base; Alabama 1 - Boston College 2
TOP OF THE 3RD
Alabama Crimson Tide batting - Pitching for Boston College Eagles : LHP Mario González
Batting: SHB Jorge Dávila 0-0: Ball
1-0: Called Strike
1-1: Ball
2-1: Foul Ball, location: 2F
2-2: SINGLE (Popup, 89S)
Batting: LHB Jorge Cuero 0-0: Ball
1-0: Called Strike
1-1: Foul Ball, location: 2F
1-2: Ball
2-2: Ball
3-2: SINGLE (Line Drive, 78S)
Jorge Dávila to second
Batting: RHB Bob Johnson 0-0: Called Strike
0-1: Foul Ball, location: 2F
0-2: Ball
1-2: Fly out, F4 (Line Drive, 4)
Batting: LHB Davey Davis 0-0: Hit by Pitch
Jorge Dávila to third
Jorge Cuero to second
Batting: RHB Stephen Nava 0-0: Foul Ball, location: 2F
0-1: Foul Ball, location: 2F
0-2: Fly out, F7 (Flyball, 78D)
Runner from 3rd tags up, SCORES, no throw
Batting: LHB Fred Abrams 0-0: Ball
1-0: Foul Ball, location: 2F
1-1: Foul Ball, location: 2F
1-2: 3-RUN HOME RUN (Flyball, 9LD), Distance : 330 ft
Batting: RHB Curt Marks 0-0: Called Strike
0-1: Ball
1-1: Ball
2-1: Ball
3-1: Base on Balls
Batting: LHB Clayton Bailey 0-0: Ball
1-0: SINGLE (Line Drive, 78M)
Curt Marks to second
Batting: RHB Paco González 0-0: Foul Ball, location: 2F
0-1: Fly out, F4 (Popup, 34D)
Top of the 3rd over - 4 run(s), 4 hit(s), 0 error(s), 2 left on base; Alabama 5 - Boston College 2
BOTTOM OF THE 3RD
Boston College Eagles batting - Pitching for Alabama Crimson Tide : RHP Kip Coleman
Batting: RHB Will Stafford 0-0: Ball
1-0: Swinging Strike
1-1: Ground out 2-3 (Groundball, 2R)
Batting: RHB Emory Brooks 0-0: Called Strike
0-1: Foul Ball, location: 2F
0-2: Ball
1-2: Strikes out swinging
Batting: RHB Dennis House 0-0: Ball
1-0: Ball
2-0: Foul Ball, location: 2F
2-1: Foul Ball, location: 2F
2-2: Ball
3-2: Foul Ball, location: 2F
3-2: Base on Balls
Batting: LHB Greg Hyde 0-0: Hit by Pitch
Dennis House to second
Batting: RHB Jesús Morales 0-0: Called Strike
0-1: 3-RUN HOME RUN (Flyball, 8LXD), Distance : 387 ft
Batting: RHB José Gómez 0-0: SOLO HOME RUN (Flyball, 78XD), Distance : 367 ft
Batting: RHB Randall Luna 0-0: Foul Ball, location: 2F
0-1: Ball
1-1: Called Strike
1-2: Foul Ball, location: 2F
1-2: Foul Ball, location: 2F
1-2: Ball
2-2: Strikes out swinging
Bottom of the 3rd over - 4 run(s), 2 hit(s), 0 error(s), 0 left on base; Alabama 5 - Boston College 6
TOP OF THE 4TH
Alabama Crimson Tide batting - Pitching for Boston College Eagles : LHP Mario González
Batting: SHB Jorge Dávila 0-0: SINGLE (Groundball, 4MD)
Batting: LHB Jorge Cuero 0-0: Ball
1-0: Ball
2-0: SINGLE (Line Drive, 34D)
Jorge Dávila to second
Batting: RHB Bob Johnson 0-0: Fly out, F7 (Line Drive, 8LS)
Batting: LHB Davey Davis 0-0: SINGLE (Popup, 56D)
Jorge Dávila to third
Jorge Cuero to second
Runner from 3rd tries for Home, throw and OUT!
Jorge Cuero to third
Davey Davis to second
Batting: RHB Stephen Nava 0-0: Foul Ball, location: 2F
0-1: 3-RUN HOME RUN (Flyball, 7D), Distance : 352 ft
Batting: LHB Fred Abrams 0-0: Ball
1-0: Swinging Strike
1-1: Ball
2-1: Ball
3-1: Ground out 4-3 (Groundball, 4)
Top of the 4th over - 3 run(s), 4 hit(s), 0 error(s), 0 left on base; Alabama 8 - Boston College 6
BOTTOM OF THE 4TH
Boston College Eagles batting - Pitching for Alabama Crimson Tide : RHP Kip Coleman
Batting: SHB Felipe Castro 0-0: Ground out U3 (Groundball, 3)
Batting: LHB Dave Cook 0-0: DOUBLE (Groundball, 5L)
Batting: RHB Will Stafford 0-0: Foul Ball, location: 2F
0-1: Ball
1-1: Called Strike
1-2: Ball
2-2: Strikes out swinging
Pitching: RHP Don Camp
Batting: RHB Emory Brooks 0-0: SINGLE (Line Drive, 8RS)
Dave Cook to third
Runner from 3rd tries for Home, throw and OUT!
Bottom of the 4th over - 0 run(s), 2 hit(s), 0 error(s), 1 left on base; Alabama 8 - Boston College 6
TOP OF THE 5TH
Alabama Crimson Tide batting - Pitching for Boston College Eagles : LHP Mario González
Pitching: RHP Millard Lambright
Batting: RHB Curt Marks 0-0: Called Strike
0-1: SINGLE (Line Drive, 4D)
Batting: LHB Clayton Bailey 0-0: Ball
1-0: Ball
2-0: Ball
3-0: Base on Balls
Curt Marks to second
Batting: RHB Paco González 0-0: Ball
1-0: Reached on error, E5 (Groundball, 56)
Curt Marks to third
Clayton Bailey to second
Batting: SHB Jorge Dávila 0-0: Ball
1-0: SINGLE (Line Drive, 89S)
Curt Marks scores
Clayton Bailey to third
Paco González to second
Batting: LHB Jorge Cuero 0-0: Called Strike
0-1: Called Strike
0-2: Ball
1-2: Ball
2-2: Ball
3-2: Base on Balls
Clayton Bailey scores
Paco González to third
Jorge Dávila to second
Batting: RHB Bob Johnson 0-0: Grounds into fielders choice 1-2 (Groundball, 13S)
Jorge Dávila to third
Jorge Cuero to second
Batting: LHB Davey Davis 0-0: Ball
1-0: Ball
2-0: Ball
3-0: Base on Balls
Jorge Dávila scores
Jorge Cuero to third
Bob Johnson to second
Batting: RHB Stephen Nava 0-0: Foul Ball, location: 2F
0-1: Ball
1-1: Ball
2-1: Ball
3-1: Base on Balls
Jorge Cuero scores
Bob Johnson to third
Davey Davis to second
Batting: LHB Fred Abrams 0-0: Swinging Strike
0-1: Called Strike
0-2: Ball
1-2: Strikes out swinging
Batting: RHB Curt Marks 0-0: Called Strike
0-1: Ball
1-1: Ground out 4-3 (Groundball, 4)
Top of the 5th over - 4 run(s), 2 hit(s), 1 error(s), 3 left on base; Alabama 12 - Boston College 6
BOTTOM OF THE 5TH
Boston College Eagles batting - Pitching for Alabama Crimson Tide : RHP Don Camp
Batting: RHB Dennis House 0-0: DOUBLE (Flyball, 8RD)
Batting: LHB Greg Hyde 0-0: Reached on error, E6 (Groundball, 6M)
Dennis House scores
Batting: RHB Jesús Morales 0-0: Ball
Wild Pitch!
Greg Hyde to third
1-0: Ground out 5-3 (Groundball, 56)
Greg Hyde scores
Batting: RHB José Gómez 0-0: Ball
1-0: SINGLE (Line Drive, 89S)
Batting: RHB Randall Luna 0-0: Called Strike
0-1: Ball
1-1: Swinging Strike
1-2: Ball
2-2: Strikes out swinging
Batting: SHB Felipe Castro 0-0: Ground out 3-1 (Groundball, 34S)
Bottom of the 5th over - 2 run(s), 2 hit(s), 1 error(s), 1 left on base; Alabama 12 - Boston College 8
TOP OF THE 6TH
Alabama Crimson Tide batting - Pitching for Boston College Eagles : RHP Millard Lambright
Pitching: RHP Clinton Johnston
Batting: LHB Clayton Bailey 0-0: Ball
1-0: Called Strike
1-1: Fly out, F9 (Flyball, 89M)
Batting: RHB Paco González 0-0: Ball
1-0: Ball
2-0: Called Strike
2-1: Ball
3-1: Foul Ball, location: 2F
3-2: Strikes out looking
Batting: SHB Jorge Dávila 0-0: Called Strike
0-1: Foul Ball, location: 2F
0-2: Ball
1-2: Strikes out looking
Top of the 6th over - 0 run(s), 0 hit(s), 0 error(s), 0 left on base; Alabama 12 - Boston College 8
BOTTOM OF THE 6TH
Boston College Eagles batting - Pitching for Alabama Crimson Tide : RHP Don Camp
Batting: LHB Dave Cook 0-0: Ball
1-0: Ball
2-0: Called Strike
2-1: Swinging Strike
2-2: Foul Ball, location: 2F
2-2: SINGLE (Groundball, 56)
Batting: RHB Will Stafford 0-0: Called Strike
0-1: Ball
1-1: Ball
2-1: Called Strike
2-2: Ball
3-2: Base on Balls
Dave Cook to second
Batting: RHB Emory Brooks 0-0: Ball
1-0: Called Strike
1-1: Foul Ball, location: 2F
1-2: Ball
2-2: Ball
3-2: Strikes out swinging
Batting: RHB Dennis House 0-0: Ball
1-0: SINGLE (Line Drive, 34D)
Dave Cook to third
Will Stafford to second
Runner from 3rd tries for Home, SAFE, no throw or cutoff
Batting: LHB Greg Hyde 0-0: Foul Ball, location: 2F
0-1: Foul Ball, location: 2F
0-2: Strikes out looking
Batting: RHB Jesús Morales 0-0: Called Strike
0-1: Ball
1-1: Foul Ball, location: 2F
1-2: Strikes out looking
Bottom of the 6th over - 1 run(s), 2 hit(s), 0 error(s), 2 left on base; Alabama 12 - Boston College 9
TOP OF THE 7TH
Alabama Crimson Tide batting - Pitching for Boston College Eagles : RHP Clinton Johnston
Batting: LHB Jorge Cuero 0-0: Called Strike
0-1: Ball
1-1: Ground out 4-3 (Groundball, 4)
Batting: RHB Bob Johnson 0-0: Ground out 6-3 (Groundball, 6)
Batting: LHB Davey Davis 0-0: Fly out, F6 (Popup, 56D)
Top of the 7th over - 0 run(s), 0 hit(s), 0 error(s), 0 left on base; Alabama 12 - Boston College 9
BOTTOM OF THE 7TH
Boston College Eagles batting - Pitching for Alabama Crimson Tide : RHP Don Camp
Pitching: RHP Don Kirk
Batting: RHB José Gómez 0-0: Ball
1-0: Called Strike
1-1: Ball
2-1: Fly out, F3 (Popup, 3SF)
Batting: RHB Randall Luna 0-0: Called Strike
0-1: Ball
1-1: Called Strike
1-2: Ground out 6-3 (Groundball, 6M)
Batting: SHB Felipe Castro 0-0: Ball
1-0: Called Strike
1-1: Called Strike
1-2: Strikes out swinging
Bottom of the 7th over - 0 run(s), 0 hit(s), 0 error(s), 0 left on base; Alabama 12 - Boston College 9
TOP OF THE 8TH
Alabama Crimson Tide batting - Pitching for Boston College Eagles : RHP Clinton Johnston
Pitching: RHP Carlos Flores
Batting: RHB Stephen Nava 0-0: Ball
1-0: Ball
2-0: Hit by Pitch
Batting: LHB Fred Abrams 0-0: Swinging Strike
0-1: Fly out, F7 (Popup, 6MD)
Batting: RHB Curt Marks 0-0: Ball
1-0: Ball
Throwing error on steal attempt, E2
Stephen Nava to third
2-0: Foul Ball, location: 2F
2-1: Called Strike
2-2: Ball
3-2: Strikes out swinging
Batting: LHB Clayton Bailey 0-0: Ball
1-0: Called Strike
1-1: Foul Ball, location: 2F
1-2: Foul Ball, location: 2F
1-2: Ball
2-2: Ball
3-2: Fly out, F5 (Line Drive, 5)
Top of the 8th over - 0 run(s), 0 hit(s), 1 error(s), 1 left on base; Alabama 12 - Boston College 9
BOTTOM OF THE 8TH
Boston College Eagles batting - Pitching for Alabama Crimson Tide : RHP Don Kirk
Now in LF: Greg Grant
Batting: LHB Dave Cook 0-0: Ball
1-0: Swinging Strike
1-1: Foul Ball, location: 2F
1-2: Ground out U3 (Groundball, 3)
Batting: RHB Will Stafford 0-0: Foul Ball, location: 2F
0-1: Foul Ball, location: 2F
0-2: Strikes out looking
Batting: RHB Emory Brooks 0-0: Fly out, F7 (Flyball, 7M)
Bottom of the 8th over - 0 run(s), 0 hit(s), 0 error(s), 0 left on base; Alabama 12 - Boston College 9
TOP OF THE 9TH
Alabama Crimson Tide batting - Pitching for Boston College Eagles : RHP Carlos Flores
Pitching: LHP Bennett White
Batting: RHB Paco González 0-0: Called Strike
0-1: Foul Ball, location: 2F
0-2: Ground out 1-3 (Groundball, 13S)
Batting: SHB Jorge Dávila 0-0: Fly out, F9 (Popup, 9S)
Batting: LHB Jorge Cuero 0-0: Ball
1-0: Called Strike
1-1: SINGLE (Flyball, 7S)
Batting: RHB Bob Johnson 0-0: Ball
1-0: Foul Ball, location: 2F
1-1: Fielders Choice at 2nd, 6-4 (Groundball, 6)
Top of the 9th over - 0 run(s), 1 hit(s), 0 error(s), 0 left on base; Alabama 12 - Boston College 9
BOTTOM OF THE 9TH
Boston College Eagles batting - Pitching for Alabama Crimson Tide : RHP Don Kirk
Pitching: LHP Travis Thompson
Batting: RHB Dennis House 0-0: Foul Ball, location: 2F
0-1: Ball
1-1: Swinging Strike
1-2: Strikes out swinging
Batting: LHB Greg Hyde 0-0: Ball
1-0: Foul Ball, location: 2F
1-1: Foul Ball, location: 2F
1-2: Ball
2-2: Foul Ball, location: 2F
2-2: Strikes out swinging
Batting: RHB Jesús Morales 0-0: Ball
1-0: Ground out 5-3 (Groundball, 5)
Bottom of the 9th over - 0 run(s), 0 hit(s), 0 error(s), 0 left on base; Alabama 12 - Boston College 9
This league is powered by Out of the Park Baseball, the baseball management simulation game for PC, Mac and Linux
Tuesday, August 2nd, 2016 - OOTP Baseball 16.8 Build 38